Map: Dédale EC

Players

BlackTop - Winner!

  • Race: Terran Terran
  • League: Diamond
  • Spawn Location: 7:00

HoldTheDoor

  • Race: Protoss Protoss
  • League: Diamond
  • Spawn Location: 1:00

VOD

Have the link to the VOD?

Description

Time

  • Played on: July 8, 2018, 5:31 a.m.
  • Length: 12:35
Show
View Real Time Build Order
Export as new Build Order

BlackTop Terran - Winner!

Build Orders: Reaper Expand, MMM Bio 

Get SALT Encoding   

  12  0:01  SCV  
  13  0:13  SCV  
  14  0:21  Supply Depot  
  14  0:28  Refinery  
  14  0:32  SCV  
  15  0:46  Barracks  
  15  0:49  SCV  
  16  1:01  SCV  
  17  1:13  SCV  
  18  1:26  SCV  
  19  1:40  Reaper  
  19  1:42  Supply Depot  
  20  1:50  Command Center  
  20  1:55  SCV  
  22  2:10  Orbital Command  
  22  2:12  Marine  
  22  2:25  Barracks  
  22  2:30  Engineering Bay, Marine  
  23  2:39  SCV  
  24  2:51  SCV  
  25  2:53  Barracks Reactor  
  24  3:14  SCV  
  25  3:24  Barracks Tech Lab  
  25  3:26  SCV  
  24  3:33  Marine x2  
  25  3:43  Marine  
  23  4:01  Marine x2  
  23  4:03  SCV  
  23  4:05  Marine  
  21  4:15  SCV  
  20  4:27  SCV, Marauder  
  21  4:31  Marine x2  
  21  4:36  Orbital Command  
  21  4:49  Marine x2  
  24  5:00  Marauder  
  24  5:01  SCV  
  25  5:07  Marine x2, Refinery  
  25  5:12  Supply Depot  
  25  5:13  SCV  
  28  5:17  Orbital Command  
  28  5:20  Stimpack  
  28  5:22  Supply Depot  
  28  5:25  Marine x2  
  30  5:34  SCV  
  31  5:39  Terran Infantry Weapons Level 1  
  31  5:40  Marauder  
  33  5:42  Marine  
  33  5:43  Marine  
  33  5:46  SCV  
  36  5:51  Missile Turret  
  36  5:55  SCV  
  37  5:58  SCV  
  37  6:00  Marine  
  37  6:01  Marine  
  37  6:02  Marauder  
  42  6:07  SCV  
  42  6:10  SCV  
  44  6:16  Factory  
  44  6:18  Marine x2  
  44  6:19  Engineering Bay  
  44  6:23  Supply Depot  
  46  6:25  Supply Depot  
  46  6:44  SCV x2  
  46  6:45  Marine  
  46  6:46  Marine  
  46  6:47  Marauder  
  52  6:49  Terran Infantry Armor Level 1  
  52  6:57  SCV  
  52  7:00  Factory Tech Lab  
  53  7:03  Starport, Marine x2  
  53  7:08  Marauder  
  57  7:09  SCV  
  57  7:11  SCV  
  59  7:21  SCV, Combat Shields  
  60  7:23  SCV  
  60  7:29  Supply Depot  
  61  7:33  SCV, Supply Depot  
  62  7:39  Armory  
  62  7:42  Starport Reactor  
  62  7:50  Marine x2  
  62  7:51  SCV x2, Refinery, Siege Tank  
  69  8:03  SCV x2  
  69  8:05  Marauder  
  73  8:08  Marine x2  
  75  8:15  SCV  
  76  8:20  Medivac  
  76  8:25  Siege Tank, Medivac  
  83  8:27  SCV  
  83  8:31  Supply Depot  
  84  8:37  Supply Depot  
  84  8:38  Supply Depot  
  84  8:39  SCV  
  85  8:46  Marine  
  86  8:50  Supply Depot, Refinery  
  86  8:52  Supply Depot  
  86  8:53  SCV, Marine  
  86  8:54  Terran Infantry Weapons Level 2  
  88  9:30  Marine x2  
  90  9:33  Marauder, Siege Tank  
  90  9:34  Medivac x2  
  99  9:48  Marine x2  
  99  9:49  SCV  
  102  9:54  Marauder  
  102  9:59  Supply Depot  
  104  10:00  Supply Depot  
  104  10:01  SCV  
  104  10:02  Supply Depot  
  104  10:06  Marine x2  
  107  10:13  SCV  
  108  10:16  Marauder  
  108  10:17  Terran Infantry Armor Level 2, Command Center  
  110  10:24  Marine x2  
  110  10:26  SCV  
  113  10:32  Liberator x2  
  113  10:34  Siege Tank  
  116  10:37  Marauder  
  116  10:39  SCV  
  116  10:41  Marine  
  116  10:42  Marine  
  127  10:59  Marine  
  128  11:17  Marine x2  
  128  11:18  Command Center  
  130  11:19  Marauder, Siege Tank  
  135  11:26  Supply Depot  
  135  11:35  Marine x2  
  137  11:40  Marauder  
Show
View Real Time Build Order
Export as new Build Order

HoldTheDoor Protoss 

Build Orders:  

Get SALT Encoding   

  12  0:01  Probe  
  13  0:13  Probe  
  14  0:19  Pylon  
  14  0:25  Probe  
  15  0:38  Probe  
  15  0:39  Gateway  
  16  0:47  Probe  
  16  0:53  Assimilator  
  16  0:55  Probe  
  18  1:13  Probe  
  18  1:16  Assimilator  
  19  1:25  Gateway  
  19  1:27  Cybernetics Core  
  19  1:28  Probe  
  20  1:34  Pylon  
  20  1:40  Probe  
  21  1:52  Probe  
  22  2:01  Pylon  
  22  2:03  Stalker  
  22  2:04  Stalker, Probe  
  22  2:06  Warp Gate  
  27  2:16  Probe  
  28  2:29  Probe  
  29  2:33  Stalker  
  29  2:34  Stalker  
  33  2:55  Robotics Facility  
  32  4:01  Immortal  
  36  4:41  Pylon  
  36  4:53  Immortal  
  38  5:01  Stalker x2  
  38  5:06  Stargate  
  42  5:12  Probe  
  42  5:13  Nexus  
  43  5:14  Pylon  
  43  5:18  Pylon  
  43  5:19  Pylon  
  43  5:21  Gateway  
  43  5:23  Gateway  
  43  5:24  Probe  
  43  5:25  Immortal, Pylon  
  44  5:32  Stalker  
  50  5:36  Probe  
  50  5:42  Stalker  
  53  5:48  Assimilator, Probe  
  54  6:00  Probe  
  55  6:05  Observer  
  56  6:12  Zealot  
  56  6:13  Zealot  
  60  6:25  Probe x2  
  62  6:37  Probe x2  
  62  6:39  Assimilator  
  64  6:43  Void Ray  
  68  6:49  Probe x2  
  68  6:53  Immortal  
  75  7:01  Probe x2  
  76  7:13  Probe, Robotics Bay  
  76  7:14  Probe  
  78  7:23  Forge  
  78  7:25  Probe  
  78  7:27  Forge, Probe  
  80  7:37  Probe  
  80  7:39  Probe, Warp Prism  
  84  7:44  Protoss Ground Armor Level 1  
  84  7:46  Zealot  
  84  7:48  Protoss Shields Level 1, Zealot  
  84  7:49  Probe  
  89  7:52  Probe  
  90  7:59  Void Ray  
  94  8:35  Pylon  
  94  8:37  Pylon  
  94  8:41  Extended Thermal Lance  
  94  8:42  Pylon  
  94  8:52  Void Ray  
  98  9:01  Nexus  
  98  9:02  Pylon  
  98  9:07  Pylon  
  98  9:25  Zealot x3  
  98  9:26  Zealot  
  106  9:37  Twilight Council  
  106  9:40  Gateway  
  106  9:41  Gateway  
  106  9:42  Probe  
  106  9:44  Assimilator, Pylon  
  107  9:46  Protoss Ground Weapons Level 1  
  107  9:49  Assimilator, Protoss Ground Armor Level 2  
  107  9:50  Colossus  
  107  9:54  Charge  
  107  9:57  Pylon  
  107  10:03  Pylon  
  113  10:11  Void Ray  
  117  10:22  Probe  
  117  10:23  Probe  
  117  10:27  Probe  
  120  10:34  Probe  
  121  10:36  Pylon  
  121  10:37  Zealot x2  
  121  10:39  Zealot  
  127  10:49  Colossus  
  127  10:55  Void Ray  
  131  11:02  Probe x2  
  131  11:03  Probe  
  139  11:14  Probe x2  
  139  11:15  Probe  
  142  11:26  Probe  
  142  11:28  Zealot x6  
  142  11:32  Probe x2  
  157  11:41  Pylon  
  157  11:43  Observer  
  106  12:19  Zealot x2  
  106  12:20  Zealot x4  
Tags
 
Composition
MMM Bio
Matchup
PvT
Spawn Locations
Cross Positions
Add a new tag
Caveats
  • Supply blocks, unpowered buildings, or Contaminate may cause inaccurate times.
  • Supply counts are checked every 10 seconds.